 Dungeon Crawl Stone Soup version 0.29-a0-283-ga02f740833 (webtiles) character file.

Game seed: 120065500661319168

490 LobsterGuardian the Sneak (level 7, 0/43 HPs)
             Began as an Octopode Venom Mage on Mar 13, 2022.
             Slain by an ice beast (13 damage)
             ... on level 6 of the Dungeon.
             The game lasted 00:11:16 (4440 turns).

LobsterGuardian the Sneak (Octopode Venom Mage)     Turns: 4440, Time: 00:11:16

Health: 0/43       AC:  1    Str:  7    XL:     7   Next: 14%
Magic:  11/11      EV: 13    Int: 20    God:
Gold:   162        SH:  5    Dex: 12    Spells: 5/11 levels left

rFire   . . .      SeeInvis .   l - +4 dagger
rCold   . . .      Faith    .   (no shield)
rNeg    . . .      Spirit   .   (helmet restricted)
rPois   .          Reflect  +   m - amulet of reflection
rElec   .          Harm     .   e - ring of resist corrosion
rCorr   +          Rampage  .   (no ring)
Will    .....                   (no ring)
Stlth   ++++......              (no ring)
HPRegen 0.14/turn               (no ring)
MPRegen 0.12/turn               (no ring)
                                (no ring)
                                (no ring)

@: no status effects
A: almost no armour, amphibious, 8 rings, camouflage 1, gelatinous body 1,
(nimble swimmer 1), tentacles
a: no special abilities


You were on level 6 of the Dungeon.
You visited 1 branch of the dungeon, and saw 6 of its levels.

You collected 162 gold pieces.

Inventory:

Hand Weapons
 l - a +4 dagger (weapon)
Missiles
 j - a throwing net
Jewellery
 e - a ring of resist corrosion (left tentacle)
 m - an amulet of reflection (around mantle)
Wands
 d - a wand of polymorph (6)
Scrolls
 b - a scroll of vulnerability {unknown}
 c - a scroll of amnesia {unknown}
 f - a scroll of magic mapping
 h - a scroll of immolation {unknown}
 i - a scroll of fog {unknown}
 k - a scroll of teleportation {unknown}
 n - a scroll of silence {unknown}
Potions
 a - a potion of magic
 g - a potion of attraction


   Skills:
 + Level 1.4 Fighting
 + Level 1.7 Short Blades
 + Level 2.4 Dodging
 * Level 6.6 Stealth
 + Level 2.9 Spellcasting
 + Level 2.5 Transmutations
 * Level 5.5 Poison Magic


You had 5 spell levels left.
You knew the following spells:

 Your Spells              Type           Power      Damage    Failure   Level
a - Sting                 Tmut/Pois      76%        1d6       2%          1
b - Poisonous Vapours     Pois/Air       28%        N/A       7%          2
c - Mephitic Cloud        Conj/Pois/Air  10%        N/A       21%         3

Your spell library contained the following spells:

 Spells                   Type           Power      Damage    Failure   Level
 Olgreb's Toxic Radiance  Pois           25%        N/A       14%         4


Dungeon Overview and Level Annotations

Branches:
Dungeon (6/15)
 Temple: D:4-7

Altars:
Yredelemnul

Shops:
D:2 (

Portals:
Sewer: D:6


Innate Abilities, Weirdness & Mutations

You cannot wear most types of armour.
You are amphibious.
You can wear up to eight rings at the same time.
Your skin changes colour to match your surroundings (Stealth+).
Your rubbery body absorbs attacks. (AC +1, EV +1)
((You are camouflaged when in or above water. (Stealth+)))
You have tentacles for arms and can constrict up to eight enemies at once.


Message History

You recover from your berserk rage.
You hear the slow rusting of a distant drain.
You hear the slow rusting of a distant drain.
You hear the rusting of a distant drain.
You hear the rusting of a distant drain.
You hear the brisk rusting of a distant drain.
HP restored.
You now have 152 gold pieces (gained 12).
You now have 162 gold pieces (gained 10).
c - a scroll labelled JOKHUSA ETYAB
As you read the scroll of magic mapping, it crumbles to dust.
You feel aware of your surroundings.
You sensed 1 shop/portal.
You hear the brisk rusting of a drain nearby.
Found a stone staircase leading down.
Found a glowing drain.
A sky beast comes into view.
The helpless sky beast fails to defend itself.
You impale the sky beast!! You squeeze the sky beast.
You kill the sky beast!
You have reached level 7!
(D) Dungeon
Where to? (Enter - D:6 @ (x,y), ? - help)
An ice beast comes into view.
(D) Dungeon
Where to? (Enter - D:6 @ (x,y), ? - help)
An ice beast is nearby!
Found 12 gold pieces.
The ball python hisses angrily.
You block the ice beast's attack.
You hit the ice beast.
The ice beast is lightly wounded.
You barely miss the ice beast.
You squeeze the ice beast, but do no damage.
The ice beast is lightly wounded.
The ice beast hits you. The ice beast freezes you! The ice beast hits you.
The ice beast freezes you! The ice beast attacks as you move away!
The ice beast misses you. The ice beast attacks as you move away!
The ice beast hits you. The ice beast freezes you!
You die...

,...................#.....,,,,,,,
**##...#####..##..#.......,,,,,,,
#..........###.#......##**,,,,,
#....#.####...........# **,,,,
**#...,#.# #.##.#....#.#*****,,,
,....,*#.# #.##......#...,,,**,*
,...***#.# #.####...##,.#**,**,*
*#..####.# #.####...##.,*,,,,,,*
#.......####..Y@.......,*,*,****
##..#......#########....,,,,,*
............#######*###.,,,***
.......#..........#* ******
.......#.#...#.....#
.........#...#.....#
.............#.....#
.........##..#.....#
...................#


You could see an ice beast.

Vanquished Creatures
  A sky beast (D:6)
  A black bear (D:5)
  A jelly (D:5)
  2 gnoll shamans (D:5)
  An iguana (D:4)
  An orc wizard (D:5)
  5 gnolls (D:5)
  5 adders
  A white imp (D:5)
  A dart slug (D:2)
  4 orcs
  6 ball pythons
  5 bats
  4 endoplasms
  2 giant cockroaches
  7 goblins
  4 hobgoblins
  3 jackals (D:2)
  4 kobolds
  2 quokkas
  2 frilled lizards (D:1)
  3 rats
65 creatures vanquished.

Notes
Turn   | Place    | Note
-------+----------+-------------------------------------------
     0 | D:1      | LobsterGuardian the Octopode Venom Mage began the quest for
                  | the Orb.
     0 | D:1      | Reached XP level 1. HP: 11/11 MP: 3/3
   208 | D:1      | Reached XP level 2. HP: 17/17 MP: 5/5
   468 | D:1      | Found a faded altar of an unknown god.
   579 | D:1      | Reached skill level 3 in Stealth
  1099 | D:2      | Reached XP level 3. HP: 21/21 MP: 6/6
  1152 | D:2      | Identified the +8 mace of Immorality {vamp, rN+ Dex+2 SInv}
  1350 | D:2      | Found Zifopez's Weapon Shoppe.
  1715 | D:2      | Reached skill level 4 in Stealth
  2106 | D:3      | Reached XP level 4. HP: 22/27 MP: 4/7
  2445 | D:3      | Learned a level 2 spell: Poisonous Vapours
  2449 | D:3      | Learned a level 3 spell: Mephitic Cloud
  3309 | D:4      | Found a basalt altar of Yredelemnul.
  3321 | D:4      | Reached skill level 1 in Fighting
  3321 | D:4      | Reached XP level 5. HP: 30/33 MP: 2/8
  3486 | D:4      | Noticed a black bear
  3518 | D:5      | Entered Level 5 of the Dungeon
  3553 | D:5      | Reached skill level 5 in Poison Magic
  3590 | D:5      | Noticed a black bear
  3598 | D:5      | Reached skill level 1 in Short Blades
  3606 | D:5      | Reached skill level 5 in Stealth
  3606 | D:5      | Reached XP level 6. HP: 38/38 MP: 9/9
  3614 | D:5      | Killed a black bear
  4074 | D:5      | HP: 1/38 [orc wizard/+0 dagger (4)]
  4076 | D:5      | Reached skill level 6 in Stealth
  4412 | D:6      | Found a glowing drain.
  4413 | D:6      | Noticed a sky beast
  4416 | D:6      | Killed a sky beast
  4417 | D:6      | Reached XP level 7. HP: 43/43 MP: 11/11
  4440 | D:6      | Slain by an ice beast

Illustrated notes

Levels and vault maps discovered:
D:1:      dpeg_arrival_round_a, layout_rooms,
          hellmonk_ecumenical_altar_heavens_door
D:2:      layout_basic, serial_shops, nicolae_shop_bloodbath_and_beyond
D:3:      layout_loops_ring, minmay_misc_feat_encased, chequers_garden
D:4:      layout_loops_ring, mainiacjoe_overflow_catwalk,
          mainiacjoe_overflow_tiny_flanked, minmay_bent
D:5:      minmay_opposing_rooms, layout_basic, mainiacjoe_overflow_brackets,
          minmay_temple_entry_antechambers, serial_shops, kennysheep_mini,
          chequers_serial_rivers_micro_c, minmay_statues_item,
          minmay_quadrilaterals, uniq_duvessa
D:6:      layout_loops_cross, portal_sewer_entry_c, grunt_decor_one_mirror,
          lexackson_kobold_supper

Skill      XL: |  1  2  3  4  5  6 |
---------------+-------------------+-----
Poison Magic   | 4 5 |  5.5
Stealth        | 3 4 5 6 |  6.6
Fighting       | 1 |  1.4
Short Blades   | 1 |  1.7
Transmutations | 2 |  2.5
Dodging        | |  2.4
Spellcasting   | |  2.9

Action                   |  1- 3 |  4- 6 |  7- 9 || total
-------------------------+-------+-------+-------++-------
Melee: Short sword       |    44 |     5 |       ||    49
       Constrict         |    15 |     8 |       ||    23
       Tentacles         |     7 |     4 |     1 ||    12
       Unarmed           |     1 |       |       ||     1
       Dagger            |       |    35 |     2 ||    37
 Cast: Sting             |    34 |    39 |       ||    73
       Poisonous Vapours |       |     1 |       ||     1
  Use: Scroll            |     3 |     1 |       ||     4
       Potion            |       |     2 |       ||     2
 Stab: Sleeping          |    11 |    10 |       ||    21
Armor: Skin              |     5 |     3 |       ||     8
Dodge: Dodged            |    36 |    29 |     1 ||    66
Block: Other             |       |     7 |     1 ||     8
       Reflection        |       |     1 |       ||     1

Table legend: (Time is in decaauts)
 A = Elapsed time spent in this place.
 B = Non-inter-level travel time spent in this place.
 C = Inter-level travel time spent in this place.
 D = Time resting spent in this place.
 E = Time spent auto-exploring this place.
 F = Levels seen in this place.
 G = Mean time per level.
                   A        B        C        D        E       F      G
               +--------+--------+--------+--------+--------+-----+--------+
         Total |   4452 |   4390 |     62 |      0 |   3874 |   6 |  742.0 |
       Dungeon |   4452 |   4390 |     62 |      0 |   3874 |   6 |  742.0 |
               +--------+--------+--------+--------+--------+-----+--------+

Top non-repeatable levels by time:
     D:2: 1420 daAuts
     D:3: 961 daAuts
     D:1: 653 daAuts
     D:5: 584 daAuts
     D:4: 484 daAuts
     D:6: 346 daAuts
